AoeStats
← MateDu05

Black Forest

509514298Analyzed
2v2 RM · 6d ago on Sep 27, 2026· 62m 4s· 4 players
Game mode
Random Map
Map size
Medium (4 player)
Population
200
Speed
Normal
Resources
Standard
Victory
Conquest
Starting age
Dark Age
Ending age
Imperial Age
RankedLock teamsTeams togetherTeam positionsShared explorationLock speedFull tech treeHidden civsTurbo modeCheats
Victory
Defeat
🇲🇽 Khmer · Mexico
781
+15
🇲🇽 Turks · Mexico
779
+15
🇪🇨 Khmer · Ecuador
779
-15
🇪🇨 Vietnamese · Ecuador
758
-29
MateDu05
11:12 Feudal Age
11:59 Feudal Age
13:19 Double-Bit Axe
17:09 Loom
20:50 Castle Age
23:00 Scale Barding Armor
23:15 Town Watch
24:08 Wheelbarrow
24:10 Bow Saw
23:48 Horse Collar
31:27 Imperial Age
30:54 Forging
31:04 Chain Barding Armor
33:19 Hand Cart
34:39 Ballistics
35:20 Chemistry
34:32 Fortified Wall
37:12 Plate Barding Armor
37:13 Iron Casting
37:12 Scale Mail Armor
37:28 Town Patrol
38:43 Conscription
38:26 Double Crossbow
37:54 Man-at-Arms
37:55 Pikeman
39:03 Halberdier
39:08 Elite Ballista Elephant
40:06 Fishing Lines
41:50 Blast Furnace
41:06 Chain Mail Armor
41:31 Tusk Swords
42:31 Elite Battle Elephant
43:44 Husbandry
43:55 Bloodlines
54:55 Onager
57:38 Light Cavalry
IsmaDu305161
14:17 Feudal Age
17:02 Horse Collar
17:10 Double-Bit Axe
22:53 Gold Mining
32:49 Castle Age
35:23 Stone Mining
40:07 Castle Age
40:43 Town Watch
41:58 Pikeman
42:38 Squires
46:00 Scale Mail Armor
46:52 Wheelbarrow
48:30 Forging
FLICK 24
12:23 Feudal Age
16:01 Castle Age
16:18 Horse Collar
20:32 Heavy Plow
20:20 Double-Bit Axe
21:34 Loom
25:52 Wheelbarrow
26:25 Stone Mining
26:28 Gold Mining
28:02 Hand Cart
28:02 Heavy Plow
28:59 Coinage
28:30 Caravan
28:43 Town Watch
29:40 Town Patrol
30:37 Bow Saw
32:17 Ballistics
34:33 Imperial Age
32:26 Scale Barding Armor
34:17 Stone Shaft Mining
34:20 Gold Shaft Mining
35:51 Banking
36:38 Chemistry
35:59 Ballistics
35:29 Heated Shot
36:34 Double Crossbow
36:41 Padded Archer Armor
36:31 Fletching
38:22 Chain Barding Armor
37:30 Elite Ballista Elephant
39:47 Crop Rotation
39:56 Leather Archer Armor
39:38 Bodkin Arrow
42:02 Plate Barding Armor
41:28 Bracer
42:01 Ring Archer Armor
41:41 Onager
42:22 Cavalier
42:39 Elite Battle Elephant
46:45 Masonry
47:34 Sanctity
49:10 Architecture
XIII
11:35 Feudal Age
16:24 Castle Age
23:53 Imperial Age
25:58 Stone Mining
25:58 Horse Collar
36:56 Double-Bit Axe
37:15 Heavy Plow
39:57 Elite Janissary
41:14 Bow Saw
41:59 Wheelbarrow
42:18 Heavy Scorpion
43:26 Hand Cart
50:57 Two-Man Saw
55:06 Town Watch
55:30 Murder Holes
Connection lost

Rejoining the realm…

Still unreachable

The connection could not be restored.

Session expired

The server has moved on; the page needs a fresh start.